[Event "12th Senioren-Cup Tegernsee 2024"]
[Site "Rottach-Egern"]
[Date "2024.04.09"]
[Round "4.4"]
[White "Heinbuch, Detlef Ulrich"]
[Black "Mueller, Matthias-Michael"]
[Result "1-0"]
[ECO "D02"]
[WhiteElo "2273"]
[BlackElo "2307"]
[Annotator "RC"]
[PlyCount "178"]
[EventDate "2024.04.02"]
[EventType "swiss"]
[EventCountry "GER"]
[SourceTitle "playchess.com"]
[Source "ChessBase"]
[SourceQuality "1"]
[TimeControl "7800+30"]

1. c4 e6 2. g3 d5 3. Bg2 Nf6 4. Nf3 Bd6 5. O-O O-O 6. d4 b6 7. cxd5 exd5 8. Nc3 Bb7 9. Qb3 Re8 10. Bg5 Nbd7 11. Rfd1 h6 12. Bxf6 Nxf6 13. e3 c6 14. Rac1 Qe7 15. a3 Rac8 16. Qa4 a5 17. Qb3 b5 18. a4 b4 19. Nb1 Rc7 20. Nbd2 Bc8 21. Qd3 Ne4 22. Nb3 Bf5 23. Qf1 Ra8 24. Nfd2 Nf6 25. Bh3 Bg6 26. Nc5 Qd8 27. Ndb3 Re7 28. Qe1 Qb6 29. Qd2 Rae8 30. Re1 h5 31. Qe2 Ra8 32. Qf3 Nh7 33. Qd1 Nf6 34. Bf1 h4 35. Bd3 Bh5 36. Be2 Bg6 37. Bf3 Qd8 38. Qe2 Bf5 39. Qf1 Qc8 40. Qe2 g6 41. Nd3 Kg7 42. Ndc5 Raa7 43. Nd2 Re8 44. Nf1 Bh3 45. Nd3 Rc7 46. Rc2 Bf5 47. Rec1 Rh8 48. Rd2 Ne4 49. Bxe4 dxe4 50. Ne1 Bg4 51. Qc4 Be6 52. Qc2 Bd5 53. f4 g5 54. Rg2 Kf8 55. fxg5 Qe6 56. gxh4 Rxh4 57. Qf2 Rg4 58. h4 Ke7 59. Rxg4 Qxg4+ 60. Ng2 Kd7 61. Nh2 Qh3 62. Nf4 Bxf4 63. Qxf4 Kc8 64. Qg4+ Qxg4+ 65. Nxg4 Kb7 66. Nf6 Bb3 67. Nxe4 Kb6 68. Nc5 Re7 69. Nxb3 Rxe3 70. Nc5 Rg3+ 71. Kf2 Rg4 72. Ke3 Rxh4 73. Rf1 Rh7 74. Ke4 Kc7 75. Ke5 Rg7 76. Rf5 Rh7 77. b3 Rg7 78. Kf6 Rh7 79. Re5 Rh4 80. Kxf7 Rf4+ 81. Ke7 Kb6 82. Re4 Rf2 83. Rg4 Re2+ 84. Kd7 Rd2 85. g6 Rf2 86. Ke7 Re2+ 87. Ne6 c5 88. dxc5+ Kc6 89. g7 Kd5 1-0

[Event "12th Senioren-Cup Tegernsee 2024"]
[Site "Rottach-Egern"]
[Date "2024.04.09"]
[Round "4.5"]
[White "Schoetzig, Detlef"]
[Black "Cordts, Ingo"]
[Result "1/2-1/2"]
[ECO "D02"]
[WhiteElo "2068"]
[BlackElo "2225"]
[Annotator "RC"]
[PlyCount "23"]
[EventDate "2024.04.02"]
[EventType "swiss"]
[EventCountry "GER"]
[SourceTitle "playchess.com"]
[Source "ChessBase"]
[SourceQuality "1"]
[TimeControl "7800+30"]

1. d4 d5 2. Nf3 Nf6 3. Bf4 c5 4. Nc3 cxd4 5. Qxd4 Nc6 6. Qd3 d4 7. Nb5 Nd5 8. e3 Qa5+ 9. Qd2 Qxd2+ 10. Kxd2 dxe3+ 11. fxe3 Nxf4 12. exf4 1/2-1/2

[Event "12th Senioren-Cup Tegernsee 2024"]
[Site "Rottach-Egern"]
[Date "2024.04.09"]
[Round "4.6"]
[White "Vatter, Hans-Joachim"]
[Black "Scheckenbach, Franz"]
[Result "1/2-1/2"]
[ECO "D33"]
[WhiteElo "2211"]
[BlackElo "2038"]
[Annotator "RC"]
[PlyCount "36"]
[EventDate "2024.04.02"]
[EventType "swiss"]
[EventCountry "GER"]
[SourceTitle "playchess.com"]
[Source "ChessBase"]
[SourceQuality "1"]
[TimeControl "7800+30"]

1. c4 e6 2. Nc3 d5 3. d4 c5 4. cxd5 exd5 5. Nf3 Nc6 6. g3 Nf6 7. Bg2 cxd4 8. Nxd4 Bc5 9. Nb3 Bb6 10. Nxd5 Be6 11. Nxb6 Qxd1+ 12. Kxd1 axb6 13. Bxc6+ bxc6 14. Kc2 Bf5+ 15. Kd1 Be6 16. Kc2 Bf5+ 17. Kd1 Be6 18. Kc2 Bf5+ 1/2-1/2

[Event "12th Senioren-Cup Tegernsee 2024"]
[Site "Rottach-Egern"]
[Date "2024.04.09"]
[Round "4.9"]
[White "Haubt, Georg"]
[Black "Schatz, Christian"]
[Result "1/2-1/2"]
[ECO "E94"]
[WhiteElo "2013"]
[BlackElo "2158"]
[Annotator "RC"]
[PlyCount "108"]
[EventDate "2024.04.02"]
[EventType "swiss"]
[EventCountry "GER"]
[SourceTitle "playchess.com"]
[Source "ChessBase"]
[SourceQuality "1"]
[TimeControl "7800+30"]

1. d4 d6 2. Nf3 Nf6 3. c4 g6 4. Nc3 Bg7 5. e4 O-O 6. Be2 e5 7. Bg5 h6 8. Bh4 Nbd7 9. O-O c6 10. dxe5 dxe5 11. b4 a5 12. a3 Qe7 13. Qb3 g5 14. Bg3 Nh5 15. Nd2 Nf4 16. Bg4 Rd8 17. Rfd1 axb4 18. axb4 Rxa1 19. Rxa1 Nc5 20. bxc5 Bxg4 21. Ncb1 Nd3 22. Qb6 Nxc5 23. f3 Be6 24. Ra5 Nd3 25. Na3 Bf6 26. Nf1 Rd7 27. Ne3 Kg7 28. c5 Rd4 29. Bf2 Rb4 30. Qa7 Qd7 31. Nec2 Rb2 32. Be3 Nf4 33. h3 Bb3 34. Qb8 Bxc2 35. Ra8 Qd8 36. Qxd8 Bxd8 37. Rxd8 Bb3 38. Rd2 Rxd2 39. Bxd2 Kf6 40. g3 Nxh3+ 41. Kg2 Be6 42. Nc2 h5 43. Nb4 h4 44. gxh4 gxh4 45. Nd3 Bc4 46. Kxh3 Bxd3 47. Kxh4 Be2 48. Kg3 Ke6 49. f4 f5 50. exf5+ Kxf5 51. fxe5 Kxe5 52. Kf2 Ba6 53. Ba5 Kd5 54. Bb6 Kd4 1/2-1/2

[Event "12th Senioren-Cup Tegernsee 2024"]
[Site "Rottach-Egern"]
[Date "2024.04.09"]
[Round "4.10"]
[White "Moritz, Hartmut"]
[Black "Strobel, Walter"]
[Result "1-0"]
[ECO "B22"]
[WhiteElo "2012"]
[BlackElo "2147"]
[Annotator "RC"]
[PlyCount "63"]
[EventDate "2024.04.02"]
[EventType "swiss"]
[EventCountry "GER"]
[SourceTitle "playchess.com"]
[Source "ChessBase"]
[SourceQuality "1"]
[TimeControl "7800+30"]

1. e4 c5 2. Nf3 e6 3. c3 Nf6 4. e5 Nd5 5. a3 d6 6. d4 cxd4 7. cxd4 Nd7 8. Bd3 Qc7 9. O-O b6 10. Qa4 Be7 11. Bd2 O-O 12. Rc1 Qb7 13. Bb5 Nb8 14. Nc3 Nc7 15. Bd3 d5 16. Qc2 h6 17. Bf4 Rd8 18. Qd2 Bf8 19. Bb1 Bd7 20. Bxh6 gxh6 21. Ng5 Bg7 22. Nh7 Ne8 23. Qf4 Na6 24. Re1 Qc7 25. Qg4 Kh8 26. Re3 Bc8 27. Rg3 f5 28. Qg6 Qe7 29. Rh3 Rd7 30. Ng5 Bf8 31. Nxe6 Qf7 32. Nxf8 1-0

[Event "12th Senioren-Cup Tegernsee 2024"]
[Site "Rottach-Egern"]
[Date "2024.04.10"]
[Round "5.1"]
[White "Schneider-Zinner, Harald"]
[Black "Lindam, Ingo"]
[Result "1-0"]
[ECO "E94"]
[WhiteElo "2335"]
[BlackElo "2160"]
[Annotator "TA"]
[PlyCount "117"]
[EventDate "2024.04.02"]
[EventType "swiss"]
[EventCountry "GER"]
[SourceTitle "playchess.com"]
[Source "ChessBase"]
[SourceQuality "1"]
[TimeControl "7800+30"]

1. d4 Nf6 2. c4 g6 3. Nc3 Bg7 4. e4 d6 5. Nf3 O-O 6. Be2 Na6 7. O-O e5 8. Re1 c6 9. Bf1 exd4 10. Nxd4 Ng4 11. h3 Qf6 12. hxg4 Qxd4 13. Qe2 Qe5 14. g3 g5 15. Be3 Nc5 {[%emt 0:03:19] White is slightly better.} 16. Rad1 Nxe4 17. Nxe4 (17. Bd4 {looks sharper.} Nxc3 18. Qf3 Qa5 19. bxc3 Qd8 20. c5) 17... Qxe4 18. Bxg5 Qxe2 19. Bxe2 Bxb2 20. Rxd6 Re8 21. Be3 Be5 22. Rd3 Be6 23. Ra3 a6 24. Bb6 Bd6 25. Re3 Bf8 26. Bd3 Bd7 ({Black should try} 26... Bb4 $14 27. R1e2 Re7) 27. Rxe8 $16 Rxe8 28. Rxe8 Bxe8 {[%emt 0:00:01][%mdl 4096] Endgame. KBB-KBB} 29. Bf5 {[%emt 0:00:32] Dodges Bd7. White is more active.} f6 30. c5 Bf7 31. a3 Bd5 32. f4 a5 33. Bc8 ({Inferior is} 33. Bxa5 Bxc5+ 34. Kf1 Bxa3 $19) 33... Kf7 34. Bxb7 a4 35. Kf2 ({White should play} 35. Kh2 $16) 35... Ke7 (35... f5 $11 {remains equal.}) 36. Ke3 $1 Kd7 (36... f5 $16) 37. Ba6 $18 Be6 38. Be2 f5 {[%emt 0:00:37] [#]} (38... Bb3 {is a better defense.} 39. Bd3 h6 40. Bf5+ Be6) 39. gxf5 $1 Bxf5 40. g4 Be6 41. f5 (41. Kd2 $18) 41... Bh6+ $16 42. Kd3 Bb3 {[%emt 0:00:16] [#]} 43. Ba5 $1 Bc1 44. Bb4 Ke7 45. Bf3 Kd7 46. Ke2 Bc4+ 47. Kf2 Bf4 48. Be2 (48. Be4 $16) 48... Bd5 (48... Bxe2 $1 $14 49. Kxe2 Bc1) 49. Bf3 {[%emt 0:00:00] Strongly threatening Bxd5.} Bc4 50. Kg2 h6 51. Kf2 Bf7 $2 {[%emt 0:00:33][%mdl 8192] This costs Black the game.} (51... Bc1 $16) 52. Bd1 $18 Bb3 53. Ke2 ({Worse is} 53. Kf3 Bc1 54. Ke2 Bc4+ 55. Kf2 Bb5 $14) 53... Bc1 $2 (53... Bf7 54. Kd3 (54. Bxa4 h5 $18) 54... Bc1 55. Bxa4 h5 56. gxh5 Bxh5) 54. Bxb3 axb3 55. Kd3 {[%emt 0:00:00] Black must now prevent a4.} Ke7 56. a4 Kf6 57. a5 Bf4 58. Bc3+ Kg5 59. Bd2 {[%emt 0:00:00] Weighted Error Value: White=0.14 (very precise) /Black=0.32.  Loses game:     	---       	Black=1      Mistake:       	White=3     	Black=6      Inaccurate:     	White=3     	Black=2      OK:         	White=16    	Black=12     Best:        	White=5     	Black=2      Strong:       	White=2     	---} 1-0

[Event "12th Senioren-Cup Tegernsee 2024"]
[Site "Rottach-Egern"]
[Date "2024.04.10"]
[Round "5.2"]
[White "Kannenberg, Karl-Heinz"]
[Black "Heinbuch, Detlef Ulrich"]
[Result "0-1"]
[ECO "D00"]
[WhiteElo "2108"]
[BlackElo "2273"]
[Annotator "TA"]
[PlyCount "122"]
[EventDate "2024.04.02"]
[EventType "swiss"]
[EventCountry "GER"]
[SourceTitle "playchess.com"]
[Source "ChessBase"]
[SourceQuality "1"]
[TimeControl "7800+30"]

1. d4 Nf6 2. Nf3 g6 3. Nc3 d5 4. Bf4 Bg7 5. Nb5 Na6 6. e3 {[%emt 0:01:33] D00: 1 d4 d5: Unusual lines.} O-O 7. h3 c6 8. Nc3 Nc7 9. Be2 a5 10. a4 Na6 11. O-O Bf5 12. Bd3 $146 ({Predecessor:} 12. g4 Bc8 13. Ne5 Ne8 14. e4 dxe4 15. Nxe4 Nf6 16. Nxf6+ exf6 17. Nc4 Nc7 18. c3 Nd5 19. Bg3 f5 20. Bf3 {0-1 Pribylnova,E (2065)-Dmitrienko,A (2278) Sibiria Region-ch 2003 (2)}) 12... Bxd3 13. Qxd3 Re8 14. Be5 Qc8 15. e4 (15. Rac1 $11) 15... Nb4 $15 16. Qe2 dxe4 17. Nxe4 Qf5 18. Nc5 b6 19. Nd3 Nxd3 20. cxd3 Nd5 21. Bxg7 Kxg7 22. Qe5+ f6 23. Qxf5 gxf5 24. Rac1 Rac8 25. Rfe1 Kf7 26. Kf1 Rg8 27. Red1 Ke8 28. Rc4 Kd7 29. Rdc1 Kd6 30. Ne1 Rc7 31. Nc2 Nf4 32. Ne1 Nd5 33. Nc2 $1 Ra8 (33... f4 $17) 34. Ne3 $11 f4 35. Nxd5 Kxd5 36. Ke2 e5 37. dxe5 fxe5 38. Kf3 Re8 39. Re1 Re6 40. Rce4 c5 41. b3 (41. g3 $11 fxg3 42. fxg3) 41... Rb7 42. g3 fxg3 43. Kxg3 (43. fxg3 $11 {was the only way to keep the balance.} b5 44. Ke3) 43... Rg7+ 44. Rg4 ({White should play} 44. Kf3) 44... Rxg4+ $17 45. hxg4 Kd4 46. g5 (46. Re3 $17) 46... h6 $19 (46... Kxd3 47. Rh1 Kc2 48. Rxh7 Kxb3 49. Rh6 $17) 47. Kg4 $2 (47. gxh6 Rxh6 (47... Kxd3 $2 48. Rh1 $18) 48. Kg4) 47... Rg6 (47... Kxd3 48. Kf5 Re8 (48... Rc6 $2 49. g6 $18) 49. gxh6 (49. Rxe5 $2 {loses.} Rxe5+ 50. Kxe5 hxg5 $19) 49... Rf8+ 50. Kg6 (50. Kxe5 Re8+ 51. Kd6 Rxe1 $19) 50... Rxf2 51. Rxe5 $16) 48. Re4+ Kd5 $2 (48... Kxd3 $19 49. Re3+ Kd4) 49. Kh5 $2 (49. Kf3 $17 {is more resistant.}) 49... Rxg5+ $19 50. Kxh6 (50. Kh4 $142) 50... Rg1 $19 51. Kh5 Rf1 52. Re2 Kd4 53. Re4+ Kxd3 54. Rxe5 Rxf2 55. Re6 Rb2 56. Rxb6 Kc3 57. Rb5 Rxb3 58. Rxa5 c4 59. Ra8 Kb2 60. a5 c3 61. a6 c2 0-1

[Event "12th Senioren-Cup Tegernsee 2024"]
[Site "Rottach-Egern"]
[Date "2024.04.10"]
[Round "5.4"]
[White "Belke, Frank"]
[Black "Moritz, Hartmut"]
[Result "1-0"]
[ECO "D53"]
[WhiteElo "2163"]
[BlackElo "2012"]
[Annotator "TA"]
[PlyCount "89"]
[EventDate "2024.04.02"]
[EventType "swiss"]
[EventCountry "GER"]
[SourceTitle "playchess.com"]
[Source "ChessBase"]
[SourceQuality "1"]
[TimeControl "7800+30"]

1. d4 d5 2. c4 e6 3. Nc3 Nf6 4. Bg5 Be7 5. Nf3 Nbd7 6. e3 c6 7. Qc2 a6 8. a3 b5 9. c5 e5 10. b4 (10. Nxe5 $6 Nxe5 11. dxe5 Nd7 $11) (10. dxe5 $16 Ng8 11. Bxe7 Nxe7 12. b4) 10... e4 11. Nd2 h6 12. Bh4 g5 13. Bg3 h5 (13... Nh5 $1 $14) 14. h4 $16 gxh4 15. Bxh4 Ng4 16. Bg3 ({Better is} 16. Bxe7 $16 Qxe7 17. a4 bxa4 (17... Qf6 $2 18. Ndxe4 dxe4 19. axb5 $18) 18. Qxa4 (18. Rxa4 Kf8 $11) (18. Nxa4 Qf6 $11)) 16... Ndf6 (16... Nf8 $14) 17. Nb3 Be6 18. O-O-O (18. Bf4 $142) 18... Qd7 (18... h4 $142) 19. Kb2 Bd8 20. Be2 Bc7 21. Bxc7 Qxc7 22. Rdf1 O-O-O (22... Ke7 $142) 23. a4 Qb8 (23... Kd7 $16 {was called for.}) 24. axb5 $18 axb5 25. Na5 Bd7 26. Bd1 (26. Nxb5 $18 {is more deadly. Threatens to win with Nd6+.} cxb5 27. c6) 26... Rh6 {[%emt 0:03:44] [#]} (26... Rdg8 $16) 27. Ne2 (27. Re1 $1 $18) 27... Rdh8 28. Nf4 Kc7 {[%emt 0:02:40] A mistake that costs the game.} (28... Ng8 $16) 29. Qd2 Qe8 30. Re1 Ng8 31. Bb3 Ne7 32. Ra1 Nf6 33. Ra3 h4 34. Rha1 {[%emt 0:00:27] Some like it hot. White has more active pieces.} Qb8 {[%emt 0:01:30] Wards off Nb7} 35. Bd1 {[%emt 0:01:30] Dodges Nh5. Nb3 is the strong threat.} h3 (35... Bc8 $16 {might work better.} 36. Nb3 Bb7) 36. gxh3 {[%emt 0:00:05] Black must now prevent Nb3.} Bxh3 $2 (36... Bc8 37. Qe1 Kd7) 37. Nb3 {[%emt 0:04:13] White is clearly winning.} Kb7 {[%emt 0:02:29] Wards off Ra7+} (37... Rc8 $142 38. Ra7+ Kd8) 38. Kc3 {[%emt 0:00:10] [#] Hoping for Qa2.} Nc8 39. Qa2 {[%emt 0:00:28] And now Ra8 would win.} Kc7 40. Ra8 Qb7 41. Qd2 Kd7 42. R1a6 Qc7 43. Na5 Ng4 44. Nxh3 f5 45. Nf4 {[%emt 0:02:16] Weighted Error Value: White=0.27 (precise) /Black=0.42.  Mistake:       	White=5     	Black=10     Inaccurate:     	---       	Black=4      OK:         	White=14    	Black=8      Best:        	White=2     	---} 1-0

[Event "12th Senioren-Cup Tegernsee 2024"]
[Site "Rottach-Egern"]
[Date "2024.04.10"]
[Round "5.5"]
[White "Cordts, Ingo"]
[Black "Wenner, Tobias"]
[Result "1/2-1/2"]
[ECO "D35"]
[WhiteElo "2225"]
[BlackElo "2051"]
[Annotator "TA"]
[PlyCount "81"]
[EventDate "2024.04.02"]
[EventType "swiss"]
[EventCountry "GER"]
[SourceTitle "playchess.com"]
[Source "ChessBase"]
[SourceQuality "1"]
[TimeControl "7800+30"]

1. d4 Nf6 2. c4 e6 3. Nc3 d5 4. cxd5 exd5 5. Bg5 Be7 6. e3 c6 7. Bd3 Bg4 8. Qc2 Nbd7 9. Nge2 h6 10. Bf4 Nf8 11. h3 Bh5 {[%emt 0:00:38] White has an edge.} 12. Ng3 Bg6 13. Nf5 Bxf5 14. Bxf5 Bd6 15. Bxd6 Qxd6 16. O-O Ne6 17. b4 O-O 18. Rab1 Rfc8 19. Na4 b6 20. Rfc1 Rc7 21. Rb3 Rac8 22. a3 Nd7 23. Rc3 b5 24. Bxe6 Qxe6 25. Nc5 Nxc5 26. Rxc5 (26. dxc5 a5 $11) 26... a6 {[%emt 0:00:43] [#]} 27. e4 dxe4 $11 28. d5 Qg6 ({Black should play} 28... Qe7 $11) 29. Qc3 {[%emt 0:04:11][%cal Rc5c6][%mdl 1024] White has compensation.} Qd6 $1 30. g3 g6 31. Kg2 h5 (31... cxd5 $2 32. Rxc7 Rxc7 33. Qxc7 $18) (31... e3 32. fxe3 (32. dxc6 e2 $11) 32... Re8 33. Qd4 (33. dxc6 Qe6 $11)) 32. h4 (32. dxc6 Qe6 $11) 32... Kh7 (32... cxd5 $2 33. Rxc7 Re8 34. Qd4 $18) (32... e3 $6 33. fxe3 (33. Rxc6 Qxd5+ 34. Kf1 Rxc6) 33... Qe7 34. Rxc6 (34. dxc6 Rd8 $14) 34... Rxc6 35. dxc6 $16) 33. Rc2 (33. dxc6 Qe6 $11) 33... Kg8 (33... e3 34. fxe3 (34. dxc6 exf2 35. Rxf2 Qe6 $11) 34... Qe7 35. Kf2 $16 (35. Rxc6 Qe4+ 36. Kf2 Qf5+ 37. Ke2 Qg4+ 38. Kf2 Qf5+ 39. Kg1 Rxc6 $14)) 34. Rc1 Kh7 (34... cxd5 $2 35. Rxc7 Re8 36. Qd4 $18) (34... e3 $6 35. fxe3 (35. Rxc6 $2 Qxd5+ 36. Kg1 Rxc6 $19) 35... Re7 (35... Qe7 36. Kf3 $16) 36. Qd4 $16 (36. dxc6 Qe6 $14)) 35. Rc2 (35. dxc6 Qe6 $11) 35... Kg8 $1 (35... e3 $6 36. fxe3 (36. dxc6 exf2 37. Rxf2 Qe6 $11) 36... Qe7 37. Kf2 $16 (37. Rxc6 Qe4+ 38. Kg1 Rxc6 $14) (37. dxc6 Qe6 $11)) 36. dxc6 (36. Rxc6 $14 Rxc6 37. dxc6) 36... Qe6 37. Rd2 Kh7 {[%emt 0:01:06] Black is weak on the dark squares} (37... Rxc6 $2 38. Rxc6 Qxc6 39. Rd8+ Rxd8 40. Qxc6 $18) (37... e3 $1 $11 38. Qxe3 Qxe3 39. fxe3 Rxc6) 38. Rc2 (38. Rdd5 $1 $14 Kg8 (38... Rxc6 $2 {perishes.} 39. Rxh5+ gxh5 40. Rxh5+ $18) 39. Re5) 38... Kg8 39. Rd2 Kh7 (39... Rxc6 $2 {is the wrong capture.} 40. Rxc6 Qxc6 41. Rd8+ Rxd8 42. Qxc6 $18) (39... e3 $11 40. Qxe3 Qxe3 41. fxe3 Rxc6) 40. Rc2 ({White should try} 40. Rdd5 $1 $14 Kg8 (40... Rxc6 $2 {loses.} 41. Rxh5+ gxh5 42. Rxh5+ $18) 41. Re5) 40... Kg8 41. Rd2 {[%emt 0:21:51] Weighted Error Value: White=0.22 (precise) /Black=0.15 (very precise) .  Mistake:       	White=4     	Black=3      Inaccurate:     	White=5     	Black=4      OK:         	White=6     	Black=10     Best:        	---       	Black=1      Strong:       	---       	Black=2} 1/2-1/2

[Event "12th Senioren-Cup Tegernsee 2024"]
[Site "Rottach-Egern"]
[Date "2024.04.10"]
[Round "5.6"]
[White "Schott, Guido"]
[Black "Vatter, Hans-Joachim"]
[Result "0-1"]
[ECO "B26"]
[WhiteElo "2042"]
[BlackElo "2211"]
[Annotator "TA"]
[PlyCount "68"]
[EventDate "2024.04.02"]
[EventType "swiss"]
[EventCountry "GER"]
[SourceTitle "playchess.com"]
[Source "ChessBase"]
[SourceQuality "1"]
[TimeControl "7800+30"]

1. e4 c5 2. Nc3 Nc6 3. g3 g6 4. Bg2 Bg7 5. d3 d6 6. Be3 Rb8 7. Qd2 b5 8. Nge2 b4 9. Nd1 Nd4 10. O-O h5 11. c3 Nxe2+ 12. Qxe2 bxc3 {[%emt 0:00:09] The position is equal.} 13. bxc3 Qa5 14. Qc2 h4 15. Rb1 Rxb1 16. Qxb1 Nf6 (16... Bxc3 $2 17. Nxc3 (17. Qb8 Kd8 $18) 17... Qxc3 18. Qb8 $18) 17. e5 dxe5 18. Bc6+ Nd7 19. Bxd7+ Kxd7 20. Qb3 e6 21. Nb2 Ba6 22. Na4 Rc8 (22... Bxd3 $2 {too greedy.} 23. Nxc5+ Ke8 24. Nxd3 $18) 23. Qa3 Ke8 24. c4 {[%emt 0:06:48][%cal Re3c5] Dodges Bb5} e4 25. Rd1 (25. Qb3 $17) 25... exd3 $19 26. Bd2 Qc7 27. Nxc5 Qxc5 28. Qxa6 Qxc4 29. Qxa7 h3 {[%emt 0:00:19] ( -> ...Qd5)} 30. Bg5 {[%emt 0:02:44] [#]} Bf8 {[%emt 0:03:56] Prevents Qe7+. Active counter play!} 31. Qb7 {[%emt 0:01:04] Dodges Qc6} Bb4 32. Qf3 (32. Rxd3 $2 {is a self mate.} Qc1+ 33. Bxc1 Rxc1+) (32. a4 $142) 32... d2 ({Weaker is} 32... Qxa2 33. Qxd3 Kf8 34. Qf1 $11) 33. Bxd2 (33. Bf4 $142) 33... Bxd2 34. Rxd2 {[%emt 0:00:05] [#]} Qe4 $3 {[%emt 0:00:46][%mdl 512] Weighted Error Value: White=0.62/Black=0.06 (flawless) .  Mistake:       	White=3     	---        Inaccurate:     	White=6     	---        OK:         	White=7     	Black=12     Best:        	White=1     	Black=2} 0-1

[Event "12th Senioren-Cup Tegernsee 2024"]
[Site "Rottach-Egern"]
[Date "2024.04.10"]
[Round "5.8"]
[White "Schatz, Christian"]
[Black "Baeuml, Ulrich"]
[Result "1/2-1/2"]
[ECO "A35"]
[WhiteElo "2158"]
[BlackElo "2016"]
[Annotator "TA"]
[PlyCount "40"]
[EventDate "2024.04.02"]
[EventType "swiss"]
[EventCountry "GER"]
[SourceTitle "playchess.com"]
[Source "ChessBase"]
[SourceQuality "1"]
[TimeControl "7800+30"]

1. c4 c5 2. Nf3 Nc6 3. Nc3 g6 4. d4 cxd4 5. Nxd4 Bg7 6. e3 Nf6 7. Be2 O-O 8. O-O d5 9. cxd5 Nxd5 10. Nxc6 bxc6 11. Bd2 {[%emt 0:00:00] The position is equal.} Nxc3 12. Bxc3 Bxc3 13. bxc3 Qa5 14. Qb3 Ba6 15. Bxa6 Qxa6 16. Rab1 Rfd8 17. Qc2 Rd6 18. Rfd1 Rad8 19. g3 Rxd1+ 20. Rxd1 Rxd1+ {A rather calm draw.   Weighted Error Value: White=0.02 (flawless) /Black=0.03 (flawless) .  OK:         	White=3     	Black=3} 1/2-1/2

[Event "12th Senioren-Cup Tegernsee 2024"]
[Site "Rottach-Egern"]
[Date "2024.04.10"]
[Round "5.9"]
[White "Scheckenbach, Franz"]
[Black "Crickmore, Neil E G"]
[Result "1/2-1/2"]
[ECO "B09"]
[WhiteElo "2038"]
[BlackElo "2151"]
[Annotator "TA"]
[PlyCount "88"]
[EventDate "2024.04.02"]
[EventType "swiss"]
[EventCountry "GER"]
[SourceTitle "playchess.com"]
[Source "ChessBase"]
[SourceQuality "1"]
[TimeControl "7800+30"]

1. e4 d6 2. d4 Nf6 3. Nc3 g6 4. f4 Bg7 5. Nf3 c5 6. dxc5 Qa5 7. Bd3 Qxc5 8. Qe2 O-O 9. Be3 Qa5 10. O-O Bg4 11. h3 Bxf3 12. Qxf3 Nc6 13. Ne2 Nd7 14. c3 $2 {[%emt 0:00:31] [#]} (14. Rfb1 $11 {and White is okay.}) 14... Nde5 $1 $19 15. fxe5 Nxe5 {[%emt 0:02:53] Black is clearly better.} 16. Qg3 {[%emt 0:00:43] Strongly threatening Bd4.} Nxd3 17. Bg5 Nxb2 18. Bxe7 Rfe8 19. Bf6 Nc4 ({Weaker is} 19... Rxe4 20. Bxg7 Kxg7 21. Nd4 $11) (19... Bxf6 $19 {is more deadly.} 20. Rxf6 Rxe4) 20. Bxg7 $17 Kxg7 21. Nd4 Qe5 ({Of course not} 21... Rxe4 $6 22. Rxf7+ Kxf7 23. Qf3+ Kg8 24. Qxe4 $11) (21... Nd2 $17 22. Nf5+ Kh8 23. Nxd6 Nxf1 24. Rxf1 Rf8) 22. Rf4 $15 f6 23. Rb1 Nb6 (23... Kg8 {simplifies} 24. Qf2 b6 25. Rf1 Rf8) 24. Rb5 (24. a4 {simplifies} Kh8 25. a5 g5 26. Rf3) 24... d5 25. exd5 Nxd5 26. Rxb7+ Kg8 27. Rg4 Qxg3 28. Rxg3 Rec8 29. Ne2 Rcb8 30. Rxb8+ Rxb8 $11 {[%emt 0:00:01][%mdl 4096] Endgame. KRN-KRN} 31. Rd3 Nb6 32. Kf2 Kf7 33. Nd4 Nc4 34. Nb3 Rb7 {[%emt 0:02:56] Against Rd7+} 35. Rd4 Rc7 36. Ke2 h5 37. Kd3 Ne5+ 38. Kd2 g5 39. Nc1 Ke6 40. Ne2 f5 (40... h4 $5) 41. Ra4 Nc4+ 42. Ke1 Ne3 43. Kf2 Nd1+ 44. Ke1 Ne3 {[%emt 0:01:19] Whites escaped into a draw.   Weighted Error Value: White=0.13 (very precise) /Black=0.14 (very precise) .  Loses game:     	White=1     	---        Mistake:       	---       	Black=2      Inaccurate:     	---       	Black=2      OK:         	White=12    	Black=10     Best:        	White=1     	Black=2} 1/2-1/2